Cogmind - Beta 14 *** ADVENTURER MODE // 2024.12.22 @ 00:15:13 Player: Bert Result: Self-destructed Performance ------------- Evolutions (1) 500 Regions Visited (2) 400 Robots Destroyed (20) 100 Value Destroyed (431) 431 Prototype IDs (0) 0 Alien Tech Used (0) 0 Bonus (0) 0 TOTAL SCORE: 1431 Bonus ------- None Cogmind --------- Core Integrity 342/400 Matter 300/300 Energy 265/265 System Corruption 0% Temperature Cool (0) Movement Rolling (95) Ox1 Location -9/Materials Parts ------- > --- POWER (1) -------- Improved Ion Engine > --- PROPULSION (2) --- Wheel > --- UTILITY (4) ------ Improved Heat Sink Small Storage Unit Sensor Array Signal Interpreter > --- WEAPON (2) ------- Small Laser > --- INVENTORY (8) ---- Ion Engine Improved Aluminum Leg Heat Sink Structural Scanner Improved Terrain Scanner Propulsion Shielding Hacking Suite Hacking Suite Peak State ------------ > --- POWER ------------ Improved Ion Engine > --- PROPULSION ------- Wheel Compact Wheel > --- UTILITY ---------- Improved Heat Sink Small Storage Unit Sensor Array Signal Interpreter > --- WEAPON ----------- Small Laser Small Laser > --- INVENTORY -------- Ion Engine Heat Sink Structural Scanner Improved Terrain Scanner Propulsion Shielding Hacking Suite Hacking Suite [Rating: 13] Favorites ----------- Power Light Ion Engine Engine Light Ion Engine Propulsion Compact Wheel Leg Aluminum Leg Wheel Compact Wheel Utility Small Storage Unit Device Improved Heat Sink Storage Small Storage Unit Processor Signal Interpreter Weapon Small Laser Energy Gun Small Laser Build | -11 -10 -9 ------- Run | Yrd Mat Mat Slots Evolved 2 | . . 2 Power . | . . . Propulsion . | . . . Utility 2 | . . 2 Weapon . | . . . Parts Attached 19 | 7 7 5 Power 2 | 1 . 1 Engine 2 | 1 . 1 Core . | . . . Reactor . | . . . Propulsion 5 | 3 1 1 Treads . | . . . Leg 1 | 1 . . Wheel 4 | 2 1 1 Hover . | . . . Flight . | . . . Utility 7 | 1 4 2 Device 5 | . 4 1 Storage 1 | 1 . . Processor 1 | . . 1 Hackware . | . . . Protection . | . . . Artifact . | . . . Weapon 5 | 2 2 1 Energy Gun 5 | 2 2 1 Energy Cannon . | . . . Ballistic Gun . | . . . Ballistic Cannon . | . . . Launcher . | . . . Special Weapon . | . . . Impact Weapon . | . . . Slashing Weapon . | . . . Piercing Weapon . | . . . Special Melee Weapon . | . . . Unidentified Prototypes . | . . . Parts Lost 4 | . . 4 Power . | . . . Propulsion 2 | . . 2 Utility . | . . . Weapon 2 | . . 2 Highest Loss Streak 2 | . . 2 To Critical Strikes . | . . . Average Slot Usage (%) 93 | . 96 87 Engine 13 | . 14 11 Wheel 23 | . 27 15 Device 14 | . 11 22 Storage 13 | . 14 11 Processor 3 | . . 11 Energy Gun 24 | . 28 16 Peak Build Rating 13 | 6 10 13 Average Rating 8 | 4 8 11 On Entrance 5 | . 6 10 Naked Turns . | . . . Heaviest Build 16 | 11 12 16 Greatest Support 32 | 32 32 32 Greatest Overweight (x) . | . . . Average Overweight (x) . | . . . Largest Inventory Capacity 8 | 8 8 8 Average Capacity 7 | 6 8 8 Most Carried 8 | 5 8 8 Average Carried 6 | 2 6 7 Final Capacity 8 | 8 8 8 Final Carried 8 | 4 8 8 Class Distribution -------------------- 76% | Mutant 23% | Scavenger-Mutant Dominant Class ---------------- Mutant | -10/Materials Scavenger-Mutant | -9/Materials Resources | -11 -10 -9 ----------- Run | Yrd Mat Mat Matter Collected 385 | 253 87 45 Remotely . | . . . Salvage Created 570 | . 281 289 Parts 47 | . 25 22 Haulers Intercepted . | . . . Recyclers Shooed . | . . . Parts Field Recycled . | . . . Retrieved Matter . | . . . Parts Self-Destructed . | . . . Prevented . | . . . Kills | -11 -10 -9 ------- Run | Yrd Mat Mat Combat Hostiles Destroyed 16 | . 6 10 Guns 16 | . 6 10 Classes Destroyed 5 | . 4 1 Tunneler 1 | . 1 . Watcher 3 | . 3 . Swarmer 8 | . 3 5 Grunt 7 | . 3 4 Sentry 1 | . . 1 Best Kill Streak 5 | . 4 5 Combat Bots Only 5 | . 3 5 Max Kills in Single Turn 2 | . 2 1 Gunslinging . | . . . Exploded . | . . . Melee . | . . . Uniques/NPCs Destroyed . | . . . Combat | -11 -10 -9 -------- Run | Yrd Mat Mat Hostile Shots Fired 82 | . 19 63 Missed 24 | . 2 22 Damage Taken 424 | . 129 295 Core 86 | . 28 58 Absorbed by Shields . | . . . Ignored by Resistances 138 | . 42 96 Regen/Repaired (Parts) 9 | . 9 . Core Remaining (%) 94 | 100 88 . Volleys Fired 55 | . 22 33 Largest 2 | . 2 2 Hottest 90 | . 90 90 Shots Fired 92 | . 43 49 Gun 92 | . 43 49 Cannon . | . . . Launcher . | . . . Special . | . . . Kinetic . | . . . Thermal 86 | . 37 49 Explosive . | . . . Electromagnetic 6 | . 6 . Robot Hit Streak 27 | . 12 27 Robot Miss Streak 2 | . 2 2 Penetration Max . | . . . Secondary Targets . | . . . Shots Hit Robots 75 | . 31 44 Core Hits 29 | . 14 15 Critical Kills . | . . . Critical Parts Destroyed . | . . . Critical Strikes 2 | . 1 1 Burn 2 | . 1 1 Melee Attacks . | . . . Impact . | . . . Slashing . | . . . Piercing . | . . . Sneak Attacks . | . . . Combat Hostiles . | . . . Follow-up Attacks . | . . . Damage Inflicted 882 | . 384 498 Guns 881 | . 384 497 Cannons . | . . . Explosions . | . . . Melee . | . . . Ramming 1 | . . 1 Kinetic . | . . . Thermal 802 | . 305 497 Explosive . | . . . Electromagnetic 79 | . 79 . Impact . | . . . Slashing . | . . . Piercing . | . . . Highest Corruption . | . . . Average Corruption . | . . . Corruption Purged . | . . . Corruption Blocked . | . . . Overload Shots . | . . . Overflow Damage . | . . . Projectiles . | . . . Explosions . | . . . Melee . | . . . Knockbacks . | . . . Impact . | . . . Kinetic . | . . . Secondary . | . . . Self-Inflicted Damage . | . . . Shots . | . . . Rammed 1 | . . 1 Targets Rammed 1 | . . 1 Kicked . | . . . Crushed . | . . . Highest Temperature 188 | . 188 . Average Temperature 66 | . 66 . Received Heat Transfer 168 | . 66 102 Siege Activations . | . . . Robots Corrupted . | . . . Combat Hostiles . | . . . Parts Fried . | . . . Impact Corruptions . | . . . Robots Melted . | . . . Combat Hostiles . | . . . Parts Melted 5 | . 1 4 Heat Transferred 2102 | . 880 1222 Parts Sabotaged . | . . . Parts Stolen . | . . . Parts Stripped . | . . . Power Chain Reactions . | . . . Alert | -11 -10 -9 ------- Run | Yrd Mat Mat Peak Influence 248 | . 199 248 Initial 9 | . . 9 Average 90 | . 81 135 Maximum Alert Level 1 | . . 1 Low Security (%) 93 | 100 100 79 Level 1 6 | . . 20 Level 2 . | . . . Level 3 . | . . . Level 4 . | . . . Level 5 . | . . . High Security . | . . . Max Security . | . . . Squads Dispatched 1 | . . 1 Investigation . | . . . Extermination . | . . . Reinforcement 1 | . . 1 Assault . | . . . Garrison . | . . . Intercept . | . . . Searches Triggered . | . . . Construction Impeded . | . . . Haulers Reinforced . | . . . Active Scanning Responses . | . . . Cargo Convoy Interrupts . | . . . Stealth | -11 -10 -9 --------- Run | Yrd Mat Mat Distress Signals 1 | . . 1 Communications Jammed . | . . . Distress Signals . | . . . Times Spotted 25 | . 10 15 Peak Tracking Total 6 | . 3 6 Tactical Retreats 2 | . . 2 Traps | -11 -10 -9 ------- Run | Yrd Mat Mat Traps Triggered . | . . . Indirectly . | . . . Trap Hack Attempts . | . . . Triggered . | . . . Disarmed . | . . . Reprogrammed . | . . . Reused . | . . . Traps Extracted . | . . . Installed . | . . . Triggered . | . . . Machines | -11 -10 -9 ---------- Run | Yrd Mat Mat Machines Disabled . | . . . Max in Single Turn . | . . . Machines Repaired . | . . . Machines Dismantled . | . . . Machines Sabotaged . | . . . Overloaded Fab Kills . | . . . Hacking | -11 -10 -9 --------- Run | Yrd Mat Mat Machines Accessed 7 | . 6 1 Terminals 4 | . 3 1 Fabricators . | . . . Repair Stations 1 | . 1 . Recycling Units 2 | . 2 . Scanalyzers . | . . . Garrison Access . | . . . Total Hacks 20 | . 17 3 Successful 11 | . 10 1 Failed 9 | . 7 2 Catastrophic . | . . . Database Lockouts . | . . . Manual 1 | . 1 . Terminals 13 | . 10 3 Fabricators . | . . . Repair Stations 3 | . 3 . Recycling Units 4 | . 4 . Scanalyzers . | . . . Garrison Access . | . . . Terminal Hacks 5 | . 4 1 Level Access Points 1 | . 1 . Emergency Access Points 2 | . 1 1 Recycling Unit Index 1 | . 1 . Zone Layout 1 | . 1 . Fabricator Hacks . | . . . Repair Station Hacks 2 | . 2 . Scan Component 1 | . 1 . Repair 1 | . 1 . Recycling Unit Hacks 4 | . 4 . Report Inventory 2 | . 2 . Retrieve Components 2 | . 2 . Scanalyzer . | . . . Garrison Access Hacks . | . . . Unauthorized Hacks . | . . . Terminals . | . . . Fabricators . | . . . Repair Stations . | . . . Recycling Units . | . . . Scanalyzers . | . . . Garrison Access . | . . . Data Cores Recovered . | . . . Used . | . . . Hacking Detections 4 | . 3 1 Full Trace Events . | . . . Feedback Events . | . . . Feedback Blocked . | . . . Robot Schematics Acquired . | . . . Robots Built . | . . . Authchips . | . . . Time . | . . . Total Robot Build Rating . | . . . Part Schematics Acquired . | . . . Parts Built . | . . . Authchips . | . . . Time . | . . . Total Part Build Rating . | . . . Parts Repaired 1 | . 1 . Time 26 | . 26 . Parts Recycled . | . . . Recycled Matter . | . . . Retrieved Matter . | . . . Retrieved Components 12 | . 12 . Parts Scanalyzed . | . . . Part Schematics Acquired . | . . . Parts Damaged . | . . . Bothacking | -11 -10 -9 ------------ Run | Yrd Mat Mat Used RIF Installer . | . . . Robots Hacked . | . . . Non-combat . | . . . Combat . | . . . Robot Hacks Applied . | . . . Relay Couplers Released . | . . . Fabnet Peak Effective % . | . . . Robots Rewired . | . . . Allies Hacked . | . . . Hacks Repelled . | . . . Allies | -11 -10 -9 -------- Run | Yrd Mat Mat Total Allies . | . . . Largest Group . | . . . Highest-Rated Group . | . . . Highest-Rated Ally . | . . . Total Orders . | . . . Ally Attacks . | . . . Total Damage . | . . . Kills . | . . . Allies Corrupted . | . . . Allies Melted . | . . . Intel | -11 -10 -9 ------- Run | Yrd Mat Mat Robot Analysis Total . | . . . Derelict Logs Recovered . | . . . Drone Launches . | . . . Drone Recoveries . | . . . Exploration | -11 -10 -9 ------------- Run | Yrd Mat Mat Turns Passed 838 | 69 520 249 Spaces Moved 586 | 62 387 137 Core 20 | 20 . . Treads . | . . . Legs . | . . . Wheels 566 | 42 387 137 Hover . | . . . Flight . | . . . Fastest Speed 50 | 50 100 90 Average Speed 97 | 83 100 96 Slowest Speed 100 | 100 100 100 Overloaded Moves . | . . . Propulsion Burnouts . | . . . Robots Hopped . | . . . Cave-ins Triggered . | . . . Exploration Rate (%) 26 | 3 61 16 Regions Visited 2 Branch Regions . Pre-discovered Areas . | . . . Known Exits Taken 1 | . 1 . Unknown Exits Taken 1 | 1 . . Scrap Searched . | . . . Spaces Dug . | . . . Terrain Destroyed . | . . . Melee . | . . . Projectile . | . . . AOE . | . . . Terrain Rammed . | . . . Walls Destroyed . | . . . Machines Disabled . | . . . Actions | -11 -10 -9 --------- Run | Yrd Mat Mat Total 765 | 79 481 205 Wait 65 | . 46 19 Move 584 | 61 386 137 Hop . | . . . Pick Up 28 | 10 11 7 Fast Attach . | . . . Attach 17 | 7 6 4 Detach 5 | 1 4 . Swap 2 | . 1 1 Drop 8 | . 5 3 Fire 55 | . 22 33 Melee . | . . . Ram 1 | . . 1 Kick . | . . . Crush . | . . . Escape Stasis . | . . . Rewire . | . . . Trap . | . . . Miscellaneous . | . . . Route ------- -11/Scrapyard -10/Materials (discovered 4 exits: *Mat x3 / [*Min]) -9/Materials History --------- Turn | Location | Event 6 | -11/Scrapyard | Discovered new exit (range 15) 70 | -11/Scrapyard | Entered Materials 100 | -10/Materials | Identified exit to Materials 167 | -10/Materials | Repaired Com. Wheel 285 | -10/Materials | Discovered new exit (range 9) 303 | -10/Materials | Build established: Mutant 590 | -10/Materials | Entered another Materials area 590 | -9/Materials | Evolved 2 slots: Utility x2 839 | -9/Materials | Self-destructed Last Messages --------------- 00798_ K-01 Serf collects debris. 00804_ Acquired Imp. Aluminum Leg. 00804_ R-06 Scavenger collects Aluminum Leg. 00805_ K-01 Serf collects debris. 00805_ R-06 Scavenger collects Heat Sink. 00808_ R-06 Scavenger collects Aluminum Leg. 00810_ K-01 Serf collects debris. 00815_ Connecting with Terminal... >>Access(Emergency) Found 2 emergency access doors: (28,28) (23,28) Map updated. 00818_ K-01 Serf collects debris. 00819_ Slammed into R-06 Scavenger. 00821_ K-01 Serf collects debris. 00829_ Destroyed Flight Unit. 00832_ Com. Wheel destroyed. 00832_ S-10 Pest destroyed. 00833_ Sml. Laser destroyed. Map ----- +----------------------------------------------------+ | ???#[[!!! #? """??????????????????????????????? | | ???# =#? """#???????????????#####?????????? | | ???## # """#???????????????# #?????????? | | ????# # """#???????????????# #?????????? | | ????# + ##########??????# #?????????? | | ######## # # ######## ###+##????? | | # T # ########## """ # #??? | | # + ##### # """ + #??? | | # """ # # """ # | | #] """ + [% % + ### ########### | | # """ #####/## # "" #?# #??????????? #### | | # ## !==## ## S"" #?# #???????????? #??? | | ######### !## ## "" #?# #?????????????#??? | | ????????# ## ## #?# #????????????????? | | ????????# ## #####+##+##?# +????????????????? | | ????????#""" ## #???#%%% #??###????????????????? | | ????????#""" # #### x #?????????????????????? | | ????????#""" [# % = #?????????????????????? | | ????????# # x #?????????????????????? | | ????????#""" # ###+###g#####?????????????????? | | ????????#""" ###### #?????????????????? | | ????????#"""% ###### u !t #?????????????????? | | ????????# + %+ ! #?????????????????? | | ????????############ m #?????????????????? | | ???????????????????#/ /#?????????????????? | | ???????????????????# @[= #?????????????????? | | ???????????????????#######+############"T"???????? | | ???????????????????????# % = ??????? | | ???????????????????????# x ??????? | | ???????????????????????#"" """ """ "???????? | | ???????????????????????#"T """ """??????????? | | ???????????????????????#"" """ ""???????????? | | ???????????????????????# ????????? | | ???????????????????????# ??????? | | ???????????????????????# ??????? | | ???????????????????????# ! ?????? | | ???????????????????????# ??????? | | ???????????????????????# ###########+###??????? | | ???????????????????????# #????????????????????? | | ???????????????????????# #????????????????????? | | ???????????????????????# #????????????????????? | | ???????????????????????# #????????????????????? | | ??????????????????????? #????????????????????? | | ??????????????????????? #????????????????????? | | ?????????????????????? ?????????????????????? | | ??????????????????????? ?????????????????????? | | ???????????????????????? ?????????????????????? | | ?????????????????????????????????????????????????? | | ?????????????????????????????????????????????????? | | ?????????????????????????????????????????????????? | +----------------------------------------------------+ Best States ------------- Heat Dissipation 42 Energy Generation 12 Energy Capacity 265 Matter Stores 300 Matter Capacity 300 Sight Range 16 Robot Scan Range 14 Terrain Scan Range 16 Terrain Scan Density 10 Resistance: KI 20 Resistance: TH 20 Resistance: EX 20 Resistance: EM 20 Resistance: I 20 Resistance: S 20 Resistance: P 20 Evasion (%) 50 Offensive Hacking 10 Item Schematics ----------------- None Robot Schematics ------------------ None Fabricated ------------ Nothing Alien Tech Used ----------------- None Achievements -------------- None Challenges ------------ None Game ------ Seed HardenedShadingProtomatter Manual? 0 Play Time 00:11:00 Cumulative 43.7 hours Start 2024.12.22 @ 00:06:28 End 2024.12.22 @ 00:15:13 Sessions 1 Manual Loads 0 Difficulty Adventurer Special Mode None Game No. 90 Rogue 0 Adventurer 90 Explorer 0 Win Type - Total 0 Types 0/0/0/0/0/0/0/0/0 Lore% 25 Gallery% 40 Achievement% 32 Wizard Run 0 Options --------- Layout 1 ASCII 0 Keyboard 1 Movement Numpad Keybinds 0 Fullscreen 1 Font 24/Smallcaps Map View 50x35 Zoom Use 0% Tactical HUD 1 Map Filters NONE Filters NONE Steam 1 RUN: c41056ab-0aad-42e1-8846-2cf396f18514